Map: Nightshade LE

Players

Serral

  • Race: Zerg Zerg
  • Spawn Location: 11:00

Stats - Winner!

  • Race: Protoss Protoss
  • League: Grandmaster
  • Spawn Location: 5:00

Event: NationWars 2019

VOD

Have the link to the VOD?

Description

Time

  • Played on: Dec. 8, 2019, 2:58 p.m.
  • Length: 14:29

All games in this series

Show
View Real Time Build Order
Export as new Build Order

Serral Zerg 

Build Orders: Hatch First 

Get SALT Encoding   

  12  0:00  Drone  
  13  0:12  Overlord  
  13  0:18  Drone  
  14  0:31  Drone x2  
  16  0:49  Hatchery  
  15  0:51  Drone  
  15  0:55  Drone  
  17  0:58  Drone  
  18  1:09  Extractor  
  17  1:14  Spawning Pool  
  17  1:16  Drone  
  17  1:20  Drone  
  18  1:29  Drone  
  19  1:40  Drone  
  20  1:49  Overlord  
  20  2:00  Queen x2  
  24  2:02  Zergling x4  
  26  2:11  Drone  
  26  2:12  Drone  
  26  2:13  Metabolic Boost  
  28  2:21  Drone  
  28  2:22  Drone  
  30  2:36  Hatchery  
  29  2:38  Drone  
  29  2:45  Queen  
  29  2:49  Overlord  
  31  2:52  Drone  
  31  2:54  Zergling x2  
  31  2:57  Drone  
  34  3:01  Zergling x2  
  35  3:11  Drone x2  
  35  3:12  Zergling x2, Overlord  
  38  3:14  Drone  
  38  3:16  Drone x2  
  41  3:22  Queen  
  43  3:32  Drone x2  
  45  3:37  Drone x2  
  45  3:40  Zergling x2  
  48  3:41  Drone  
  48  3:42  Drone  
  48  3:48  Spore Crawler, Drone, Queen  
  49  3:51  Spore Crawler  
  51  3:56  Zergling x2, Drone x2  
  51  3:57  Drone  
  55  4:03  Spore Crawler  
  55  4:06  Drone x3  
  55  4:09  Overlord  
  57  4:12  Overlord  
  57  4:19  Overlord  
  57  4:27  Drone  
  57  4:30  Zergling x2  
  58  4:32  Zergling x8  
  58  4:33  Drone x3  
  58  4:34  Drone  
  64  4:38  Lair  
  64  4:39  Drone x2, Extractor  
  64  4:44  Drone  
  64  4:45  Roach Warren  
  65  4:46  Drone  
  65  4:47  Drone  
  66  4:55  Zergling x2  
  66  4:56  Drone x3  
  66  4:58  Extractor  
  68  5:01  Drone  
  68  5:06  Drone x6  
  73  5:07  Evolution Chamber  
  73  5:09  Zergling x2  
  73  5:11  Overlord  
  69  5:17  Drone x4  
  69  5:20  Overlord  
  73  5:27  Extractor  
  73  5:28  Overlord  
  72  5:29  Drone x2  
  72  5:34  Zerg Melee Weapons Level 1  
  75  5:35  Drone  
  75  5:37  Drone  
  75  5:39  Glial Reconstitution  
  75  5:40  Hatchery  
  75  5:41  Extractor  
  75  5:42  Extractor  
  71  5:44  Drone x3  
  71  5:46  Drone  
  71  5:47  Drone  
  71  5:49  Drone  
  76  5:50  Drone  
  76  5:51  Overseer  
  76  5:54  Pneumatized Carapace  
  77  5:57  Drone x3  
  77  6:01  Zergling x4  
  82  6:06  Drone  
  82  6:08  Overseer, Baneling Nest  
  82  6:09  Roach  
  82  6:10  Roach  
  84  6:15  Roach x3  
  90  6:24  Overlord  
  90  6:26  Infestation Pit  
  89  6:45  Drone x12  
  100  6:51  Drone  
  100  6:52  Centrifical Hooks  
  100  6:54  Queen  
  101  6:57  Drone x2  
  101  6:58  Drone x3  
  101  7:00  Drone  
  106  7:03  Drone x2  
  106  7:08  Hive  
  108  7:10  Zergling x2  
  108  7:11  Zergling x4, Spire, Extractor  
  108  7:12  Overlord x4  
  109  7:17  Overlord  
  109  7:20  Evolution Chamber  
  109  7:21  Overlord x2  
  108  7:23  Overseer  
  108  7:26  Overlord  
  108  7:30  Overlord  
  108  7:31  Drone x2  
  108  7:33  Roach x3  
  116  7:37  Zerg Melee Weapons Level 2  
  116  7:38  Roach x2  
  116  7:44  Roach x3  
  124  7:48  Zergling x8  
  127  7:54  Zergling x14  
  127  7:57  Baneling x6  
  133  7:58  Ravager x4  
  133  8:01  Zergling x2, Roach  
  143  8:05  Roach x3  
  143  8:08  Roach x3  
  143  8:11  Ravager  
  150  8:13  Baneling x8  
  150  8:16  Queen  
  150  8:19  Overlord x2  
  152  8:21  Zergling x6  
  155  8:27  Overlord  
  155  8:28  Ravager  
  155  8:29  Adrenal Glands, Greater Spire  
  155  8:31  Zerg Ground Armor Level 1  
  155  8:34  Zergling x6  
  155  8:38  Zergling x10  
  155  8:40  Overseer  
  161  8:51  Zergling x14  
  168  8:58  Hatchery  
  168  8:59  Overlord  
  168  9:01  Overlord  
  167  9:02  Baneling  
  167  9:03  Baneling x13  
  167  9:08  Zergling x14  
  171  9:20  Drone  
  171  9:21  Drone, Extractor  
  171  9:22  Drone x2, Overlord  
  174  9:24  Baneling x5  
  174  9:25  Zergling x2, Roach  
  174  9:26  Zergling x12, Roach  
  185  9:34  Zergling x10, Roach  
  185  9:35  Zergling x6  
  185  9:39  Zergling x2  
  185  9:48  Zerg Flyer Weapons Level 1  
  185  9:49  Zergling x2  
  185  9:50  Zergling x6  
  189  9:56  Baneling x13  
  189  9:57  Baneling x4  
  189  9:58  Zergling x12  
  191  10:04  Overseer  
  191  10:05  Zergling x10  
  188  10:08  Baneling  
  188  10:09  Baneling x9  
  188  10:12  Zerg Melee Weapons Level 3  
  188  10:21  Zergling x20  
  192  10:23  Baneling x14  
  196  10:28  Zergling x10  
  196  10:31  Baneling x9  
  196  10:39  Zergling x10  
  195  10:43  Baneling  
  195  10:47  Zergling x12  
  199  10:51  Baneling  
  199  10:52  Baneling x8  
  199  10:54  Zerg Ground Armor Level 2  
  199  10:56  Zergling x2  
  200  11:03  Baneling x8  
  197  11:08  Zergling x2  
  197  11:09  Zergling x32  
  162  11:12  Zergling x4  
  162  11:17  Roach  
  137  11:22  Zergling x2, Roach x5  
  141  11:31  Baneling x10  
  136  11:33  Roach x3  
  136  11:34  Zergling x8, Roach  
  136  11:36  Drone x2  
  149  11:40  Baneling x10  
  149  11:43  Drone x3  
  149  11:44  Drone  
  153  11:52  Corruptor x2  
  153  11:53  Corruptor  
  159  11:58  Zergling x8  
  162  12:06  Zerg Flyer Weapons Level 2  
  162  12:08  Zergling x16  
  166  12:16  Extractor x2  
  166  12:17  Drone x3  
  166  12:18  Drone x3  
  166  12:19  Queen  
  166  12:21  Spore Crawler  
  171  12:25  Pathogen Glands  
  171  12:26  Corruptor x2  
  177  12:49  Overlord  
  177  12:58  Zergling x14  
  177  12:59  Zergling x10  
  177  13:02  Baneling x19  
  177  13:04  Brood Lord x3  
  177  13:05  Brood Lord  
  193  13:09  Overseer  
  192  13:15  Zergling x18  
  195  13:23  Zergling x2  
  195  13:24  Overseer, Zergling x16  
  194  13:31  Baneling x14  
  192  13:38  Zergling x2  
  192  13:39  Zergling x14  
  172  13:42  Zergling x6  
  172  13:44  Zergling x2  
  172  13:45  Zergling x2  
  141  13:49  Zergling x8  
  141  13:54  Zergling x10  
  116  14:03  Zergling x12  
  116  14:07  Zergling x2  
Show
View Real Time Build Order
Export as new Build Order

Stats Protoss - Winner!

Build Orders: 1 Gate Expand, Oracle Opening, Phoenix Opening, Archon Immortal 

Get SALT Encoding   

  12  0:00  Probe  
  13  0:12  Probe  
  14  0:19  Pylon  
  14  0:24  Probe  
  15  0:37  Probe (Chrono Boost)  
  15  0:39  Gateway  
  16  0:46  Probe (Chrono Boost), Assimilator  
  17  0:51  Probe (Chrono Boost)  
  18  1:03  Probe  
  19  1:15  Probe  
  20  1:24  Nexus  
  20  1:34  Cybernetics Core  
  20  1:37  Probe  
  21  1:44  Assimilator  
  21  1:49  Probe  
  22  1:54  Pylon  
  23  2:01  Probe  
  23  2:09  Adept (Chrono Boost)  
  23  2:13  Probe  
  26  2:17  Stargate  
  26  2:25  Probe (Chrono Boost)  
  26  2:26  Warp Gate  
  27  2:32  Adept  
  27  2:35  Probe (Chrono Boost)  
  30  2:38  Probe (Chrono Boost)  
  32  2:45  Probe x2 (Chrono Boost)  
  32  2:50  Probe (Chrono Boost)  
  33  2:52  Probe  
  35  3:01  Phoenix (Chrono Boost)  
  35  3:02  Probe  
  35  3:04  Pylon, Probe  
  39  3:14  Probe  
  39  3:15  Gateway  
  39  3:16  Probe  
  41  3:22  Oracle (Chrono Boost)  
  41  3:26  Probe  
  45  3:28  Probe  
  45  3:31  Assimilator  
  45  3:33  Assimilator  
  46  3:36  Pylon  
  46  3:40  Probe x2  
  48  3:49  Pylon  
  48  3:50  Oracle (Chrono Boost)  
  48  3:52  Probe x2  
  53  4:04  Probe x2  
  55  4:11  Robotics Facility  
  55  4:16  Adept x2, Probe  
  60  4:18  Probe  
  58  4:34  Probe x2  
  58  4:38  Adept x2  
  64  4:50  Nexus  
  64  4:51  Pylon  
  64  4:54  Pylon  
  64  4:57  Probe x2  
  64  4:59  Sentry x2  
  70  5:09  Probe x2, Forge, Observer  
  70  5:11  Twilight Council  
  69  5:21  Probe x2  
  69  5:24  Sentry  
  69  5:25  Sentry  
  69  5:28  Immortal (Chrono Boost)  
  75  5:33  Probe x2  
  81  5:45  Protoss Ground Weapons Level 1 (Chrono Boost), Probe x2  
  81  5:46  Charge  
  83  5:51  Gateway x2  
  83  5:53  Templar Archives  
  83  5:58  Probe x2  
  83  6:00  Immortal (Chrono Boost)  
  89  6:05  Probe  
  89  6:06  Shield Battery  
  89  6:10  Phoenix, Probe x2  
  89  6:11  Phoenix  
  92  6:17  Probe  
  93  6:19  Pylon, Assimilator  
  93  6:20  Assimilator  
  93  6:22  Probe x2  
  93  6:24  Gateway x2  
  95  6:29  Probe, Immortal (Chrono Boost)  
  100  6:34  Probe  
  100  6:37  Probe  
  102  6:45  Pylon  
  102  6:46  Probe x2  
  104  6:47  Pylon  
  104  6:49  Probe, Gateway  
  104  6:51  Gateway  
  105  7:00  Warp Prism (Chrono Boost)  
  104  7:11  Photon Cannon  
  104  7:12  Robotics Facility  
  104  7:13  High Templar  
  104  7:14  High Templar x3  
  112  7:18  Pylon x2  
  112  7:19  Archon x2  
  112  7:20  Zealot x2  
  112  7:21  Psionic Storm  
  116  7:27  Photon Cannon x2  
  116  7:31  Protoss Ground Weapons Level 2 (Chrono Boost)  
  116  7:33  Pylon  
  116  7:36  Pylon  
  116  7:45  High Templar x2  
  116  7:47  Phoenix x2  
  116  7:49  Zealot x6  
  132  7:58  Nexus  
  132  8:01  Pylon  
  132  8:04  Immortal (Chrono Boost)  
  132  8:11  Immortal (Chrono Boost)  
  136  8:18  High Templar x2, Photon Cannon  
  144  8:27  Shield Battery  
  144  8:30  Shield Battery  
  144  8:32  Photon Cannon  
  144  8:34  Photon Cannon  
  144  8:38  Pylon  
  144  8:40  Probe x3  
  147  8:47  Immortal (Chrono Boost)  
  155  8:57  Blink  
  155  8:58  Immortal (Chrono Boost)  
  155  9:00  Photon Cannon, Assimilator  
  155  9:01  Probe x2  
  155  9:02  Probe  
  158  9:05  Assimilator  
  158  9:11  Probe  
  158  9:13  Probe  
  158  9:14  Probe x2  
  152  9:19  High Templar x4  
  152  9:21  Pylon  
  160  9:25  Photon Cannon  
  160  9:26  Gateway  
  160  9:28  Gateway, Archon x2  
  160  9:33  Zealot x3  
  160  9:34  Zealot  
  168  9:41  Protoss Ground Weapons Level 3 (Chrono Boost)  
  168  9:46  Fleet Beacon  
  168  9:48  Photon Cannon  
  168  9:58  High Templar x2, Zealot x6  
  184  10:06  Probe x2  
  178  10:07  Probe, Photon Cannon, Shield Battery  
  178  10:11  Archon  
  178  10:15  Probe  
  178  10:18  Probe  
  178  10:19  Probe x2  
  182  10:27  High Templar x4, Zealot x3  
  196  10:32  Archon x2  
  187  10:36  Probe x3  
  187  10:39  Mothership  
  180  10:52  High Templar x2  
  180  10:53  Zealot x3  
  180  10:54  Zealot  
  192  10:59  Archon  
  192  11:00  Zealot x2  
  192  11:03  Pylon  
  196  11:10  Archon  
  132  11:20  High Templar x4, Zealot x4  
  132  11:22  Immortal (Chrono Boost)  
  132  11:24  Archon x2  
  138  11:27  Immortal (Chrono Boost)  
  138  11:31  Zealot x2  
  136  11:41  Probe x2  
  136  11:42  Probe  
  139  11:50  High Templar x2  
  139  11:53  High Templar  
  145  11:54  Zealot x4  
  145  11:55  Zealot x2  
  145  11:58  High Templar  
  145  11:59  Immortal (Chrono Boost)  
  159  12:04  Immortal (Chrono Boost)  
  163  12:32  High Templar x3  
  163  12:33  Zealot x6  
  163  12:34  High Templar  
  181  12:40  Archon x2  
  181  12:41  Pylon, Nexus  
  178  12:54  Pylon  
  178  12:59  Stalker x5  
  178  13:00  Stalker  
  190  13:05  Stalker  
  190  13:06  Stalker x3  
  198  13:18  Archon  
  194  13:26  Zealot x5  
  182  13:27  Zealot  
  182  13:31  Zealot x4  
  188  13:41  Archon  
  148  13:48  Stalker x2  
  148  13:49  Stalker x4  
  148  13:52  Stalker  
  148  13:53  Stalker x2  
  148  13:54  Stalker  
Tags
 
Add a new tag
Caveats
  • Supply blocks, unpowered buildings, or Contaminate may cause inaccurate times.
  • Supply counts are checked every 10 seconds.